[Event "Titled Tuesday Blitz February 14 Early 2023"]
[White "Boder, Jan"]
[Black "Barp, Alberto"]
[WhiteFideId "16243226"]
[BlackFideId "872555"]
[WhiteElo "2294"]
[BlackElo "2432"]
[Result "0-1"]
[Round "01"]
[TimeControl "180+2"]
[Date "2023.02.15"]
[WhiteClock "0:00:01"]
[BlackClock "0:00:05"]

1. c4 Nf6 2. g3 e5 3. Bg2 Bc5 4. Nc3 c6 5. e3 O-O 6. Nge2 d6 7. O-O Bb6 8. d4 Re8 9. b4 a5 10. b5 Be6 11. Qa4 exd4 12. exd4 h6 13. h3 Bf5 14. Be3 Ne4 15. Rad1 Nxc3 16. Nxc3 Qc8 17. Kh2 Bd7 18. c5 dxc5 19. dxc5 cxb5 20. Nxb5 Bxc5 21. Rc1 Na6 22. Qxa5 Nb4 23. Na7 b6 24. Nxc8 Rxa5 25. Nxb6 Bxe3 26. fxe3 Be6 27. a3 Rxa3 28. Nc4 Ra2 29. Kg1 Nd3 30. Rc3 Rc8 31. Rxd3 Rxc4 32. Rd8+ Kh7 33. Rdd1 g5 34. Rc1 Rca4 0-1


[Site "https://www.chess.com"]

[Event "Titled Tuesday Blitz February 14 Early 2023"]
[White "Erdogdu, Mert"]
[Black "Zherebtsova, Alexandra"]
[WhiteFideId "6301495"]
[BlackFideId "24129518"]
[WhiteElo "2413"]
[BlackElo "2155"]
[Result "1/2-1/2"]
[Round "01"]
[TimeControl "180+2"]
[Date "2023.02.15"]
[WhiteClock "0:00:10"]
[BlackClock "0:00:17"]

1. e4 e5 2. Nf3 Nc6 3. Bc4 Nf6 4. d3 h6 5. c3 d6 6. a4 g6 7. Nbd2 Bg7 8. Nf1 O-O 9. Ne3 Qe7 10. a5 a6 11. O-O Nd8 12. Re1 Ne6 13. Nd5 Nxd5 14. exd5 Nd8 15. d4 Kh7 16. dxe5 dxe5 17. b3 Re8 18. Ra2 f5 19. Rae2 Nf7 20. b4 Bd7 21. Bb3 Rad8 22. c4 Qxb4 23. Bd2 Qf8 24. Bc3 e4 25. Bxg7 Qxg7 26. Nd4 Ne5 27. c5 Nd3 28. Rf1 Qxd4 29. Rc2 Bb5 30. h4 h5 31. Qd2 e3 32. fxe3 Qxe3+ 33. Qxe3 Rxe3 34. Rd1 Rde8 35. Kh2 Re2 36. Rc3 Nf4 37. Rg3 R8e3 38. Rxe3 Rxe3 39. Rb1 Re2 40. Kg3 Nd3 41. d6 cxd6 42. cxd6 Nc5 43. Bd5 Rd2 44. Bf3 Rxd6 45. Kf4 Rd4+ 46. Kg5 Bd3 47. Rb6 Be4 48. Rf6 Bxf3 49. gxf3 Rd3 50. Rf7+ Kg8 51. Kxg6 Rxf3 52. Rc7 Rg3+ 53. Kxf5 Nb3 54. Rxb7 Nxa5 55. Ra7 Nc4 56. Rxa6 Ne3+ 57. Kf4 Rh3 58. Kg5 Ng2 59. Kxh5 Rxh4+ 60. Kg5 Rh3 61. Kg6 Rg3+ 62. Kf5 Re3 63. Kg6 Rf3 64. Ra8+ Rf8 65. Rxf8+ Kxf8 1/2-1/2


[Site "https://www.chess.com"]

[Event "Titled Tuesday Blitz February 14 Early 2023"]
[White "Carrasco Miranda, Andres"]
[Black "Ioannidis, Evgenios"]
[WhiteFideId "3405990"]
[BlackFideId "4229274"]
[WhiteElo "2240"]
[BlackElo "2467"]
[Result "0-1"]
[Round "01"]
[TimeControl "180+2"]
[Date "2023.02.15"]
[WhiteClock "0:00:07"]
[BlackClock "0:00:09"]

1. d4 Nf6 2. c4 e6 3. g3 d5 4. Bg2 dxc4 5. Nf3 Bd7 6. Ne5 Bc6 7. Nxc6 Nxc6 8. Bxc6+ bxc6 9. Qa4 Qd5 10. O-O Qb5 11. Qc2 Rd8 12. Nc3 Qb6 13. Na4 Qb5 14. Nc3 Qa6 15. Bg5 Be7 16. Rad1 O-O 17. Ne4 Qxa2 18. Nxf6+ Bxf6 19. Bxf6 gxf6 20. Ra1 Qb3 21. Qe4 Qxb2 22. e3 c5 23. Qg4+ Kh8 24. Qf4 Kg7 25. Qg4+ Kh8 26. Qf4 Rd5 27. Qxf6+ Kg8 28. Rfb1 Qc2 29. Rc1 Qg6 30. Qxg6+ hxg6 31. Rxc4 cxd4 32. exd4 Ra8 33. Raa4 Rd7 34. Kg2 Kf8 35. Kf3 Ke7 36. Ke4 Kd8 37. Rc6 Kc8 38. h4 Rd6 39. Rc5 Kb7 40. Rb5+ Rb6 41. Rba5 a6 42. g4 Rh8 43. h5 gxh5 44. gxh5 Rb5 45. Rxa6 Rhxh5 46. Ra7+ Kc8 47. Rc4 Rb7 48. Rxb7 Kxb7 49. f4 Rd5 50. Rb4+ Kc8 51. Ra4 Kd7 52. Ra7 Rb5 53. Ra8 Kd6 54. Ra6+ Rb6 55. Ra8 Rb4 56. Ra6+ c6 57. Ra7 c5 58. Rxf7 Rxd4+ 59. Ke3 Rb4 60. Rf8 Kd5 61. Rd8+ Kc6 62. Re8 Kd7 63. Ra8 Rb6 64. Ke4 Rb1 65. Ra7+ Kd6 66. Ra6+ Ke7 67. Ra7+ Kf6 68. Rc7 Rb4+ 69. Ke3 Rc4 70. Kd3 Rd4+ 71. Ke3 Rd5 72. Ke4 Rh5 73. Rc8 Ke7 74. Rc7+ Kd6 75. Ra7 Rd5 76. Ra6+ Kd7 77. Ra7+ Kd6 78. Ra6+ Ke7 79. Ra7+ Kf6 80. Rc7 Rf5 81. Rc8 Rh5 82. Rc7 Rd5 83. Rc8 Rd4+ 84. Ke3 Rc4 85. Kd3 Rc1 86. Ke4 c4 87. Rf8+ Ke7 88. Ra8 c3 89. Ke5 Re1+ 90. Kd4 c2 0-1


[Site "https://www.chess.com"]

[Event "Titled Tuesday Blitz February 14 Early 2023"]
[White "Lianes Garcia, Marcos"]
[Black "Martins, Vinicius Tine"]
[WhiteFideId "32060777"]
[BlackFideId "2112884"]
[WhiteElo "2411"]
[BlackElo "2254"]
[Result "1-0"]
[Round "01"]
[TimeControl "180+2"]
[Date "2023.02.15"]
[WhiteClock "0:02:25"]
[BlackClock "0:02:27"]

1. e4 c5 2. g3 d5 3. exd5 Qxd5 4. Nf3 Bg4 5. Bg2 Nc6 6. h3 Qe6+ 7. Kf1 Bh5 8. d3 Nf6 9. Na3 Rd8 10. Be3 b6 11. Nc4 Nd5 12. g4 Nxe3+ 13. fxe3 Bg6 14. Qe2 Qd7 15. Nfe5 Nxe5 16. Nxe5 1-0


[Site "https://www.chess.com"]

[Event "Titled Tuesday Blitz February 14 Early 2023"]
[White "Titichoca Daza, Daniel"]
[Black "Ajay, Karthikeyan"]
[WhiteFideId "3309550"]
[BlackFideId "35011685"]
[WhiteElo "2180"]
[BlackElo "2454"]
[Result "1-0"]
[Round "01"]
[TimeControl "180+2"]
[Date "2023.02.15"]
[WhiteClock "0:00:20"]
[BlackClock "0:00:01"]

1. e4 e5 2. Nf3 Nc6 3. Bb5 a6 4. Ba4 Nf6 5. O-O Bc5 6. Nc3 b5 7. Bb3 d6 8. Nd5 Rb8 9. a4 h6 10. c3 Nxd5 11. Bxd5 Ne7 12. Ba2 Bb6 13. d4 exd4 14. cxd4 Bg4 15. axb5 axb5 16. Be3 d5 17. exd5 O-O 18. h3 Bxf3 19. Qxf3 Qd7 20. Bb1 Qxd5 21. Be4 Qd6 22. Rfd1 f5 23. Bc2 Kh8 24. Bb3 f4 25. Bd2 c6 26. Ra6 Nd5 27. Bc3 Ra8 28. Rda1 Rxa6 29. Rxa6 b4 30. Bd2 Bxd4 31. Qd3 Bxb2 32. Bc2 Kg8 33. Ra7 Rd8 34. Qh7+ Kf8 35. Bg6 Nf6 36. Rf7+ Ke8 37. Qh8+ Qf8 38. Qxf8# 1-0


[Site "https://www.chess.com"]

[Event "Titled Tuesday Blitz February 14 Early 2023"]
[White "Talibov, Shiroghlan"]
[Black "Colbow, Collin"]
[WhiteFideId "13429078"]
[BlackFideId "16201132"]
[WhiteElo "2359"]
[BlackElo "2408"]
[Result "0-1"]
[Round "01"]
[TimeControl "180+2"]
[Date "2023.02.15"]
[WhiteClock "0:00:06"]
[BlackClock "0:00:04"]

1. Nf3 Nf6 2. c4 g6 3. b4 Bg7 4. Bb2 d6 5. e3 e5 6. d4 e4 7. Nfd2 O-O 8. Nc3 Re8 9. h3 h5 10. Be2 Qe7 11. g4 hxg4 12. hxg4 g5 13. Qc2 Nxg4 14. Ncxe4 Bf5 15. Bd3 Nd7 16. O-O-O Bg6 17. Rdf1 d5 18. cxd5 Qxb4 19. Nxg5 Bxd3 20. Qxd3 Ndf6 21. Nh7 c6 22. Rfg1 cxd5 23. Rh4 Rac8+ 24. Kb1 Rc6 25. Nb3 a5 26. Ng5 a4 27. Nc5 Rb6 28. Nxa4 Qxa4 29. Rhxg4 Nxg4 30. Rxg4 Qb5 31. Qh7+ Kf8 32. Ne6+ Rexe6 33. Qxg7+ Ke8 34. Qg8+ Ke7 35. Qg5+ Kd7 0-1


[Site "https://www.chess.com"]

[Event "Titled Tuesday Blitz February 14 Early 2023"]
[White "Kanyamarala, Trisha"]
[Black "Zahid, Sanatan"]
[WhiteFideId "45004722"]
[BlackFideId "10201963"]
[WhiteElo "2278"]
[BlackElo "1930"]
[Result "0-1"]
[Round "01"]
[TimeControl "180+2"]
[Date "2023.02.15"]
[WhiteClock "0:00:06"]
[BlackClock "0:00:39"]

1. c4 Nf6 2. Nc3 e5 3. d3 g6 4. Nf3 d6 5. g3 Bg7 6. Bg2 O-O 7. O-O c6 8. Bg5 h6 9. Bxf6 Bxf6 10. Qd2 Bg7 11. d4 exd4 12. Nxd4 Nd7 13. Rad1 Ne5 14. b3 Qe7 15. Nc2 Rd8 16. e4 Nd7 17. Ne2 Nc5 18. Qe3 Re8 19. Rfe1 a5 20. Nc1 Be6 21. Nd3 Nxd3 22. Qxd3 Rad8 23. Qe3 Qc7 24. Nd4 Bc8 25. Ne2 a4 26. Qc1 axb3 27. axb3 Qa5 28. Rd3 Qb4 29. Red1 Bf8 30. e5 Rxe5 31. Nd4 Rde8 32. Nf3 Ra5 33. h3 Ra2 34. Nd2 Bf5 35. Rd4 Bg7 36. Rh4 Re2 37. Ne4 Bxe4 38. Rxe4 Rxf2 39. Bf1 Rf3 40. Re3 Qc5 41. Re1 Rxe3 42. Rxe3 Bd4 0-1


[Site "https://www.chess.com"]

[Event "Titled Tuesday Blitz February 14 Early 2023"]
[White "Mahdavi, Reza"]
[Black "Sawyer, Bradley"]
[WhiteFideId "12595926"]
[BlackFideId "2023784"]
[WhiteElo "2339"]
[BlackElo "2172"]
[Result "1-0"]
[Round "01"]
[TimeControl "180+2"]
[Date "2023.02.15"]
[WhiteClock "0:00:43"]
[BlackClock "0:00:08"]

1. e4 e5 2. Nf3 Nc6 3. Nc3 Nf6 4. g3 d5 5. exd5 Nxd5 6. Bg2 Bc5 7. O-O O-O 8. Re1 Nxc3 9. bxc3 f6 10. d3 Bg4 11. h3 Bh5 12. Rb1 Bb6 13. a4 Qd7 14. g4 Bf7 15. Nh4 Rad8 16. Nf5 Be6 17. Be4 g6 18. Nh6+ Kh8 19. Qf3 f5 20. gxf5 gxf5 21. Bxc6 bxc6 22. Rxe5 Bd5 23. Qh5 Qg7+ 24. Qg5 Qxe5 25. Bf4 Qe2 26. Bg3 f4 27. Nf5 Bxf2+ 28. Bxf2 Rg8 29. h4 Rxg5+ 30. hxg5 Qg4+ 31. Kf1 Re8 32. Bd4+ Kg8 33. Nh6+ Kf8 34. Nxg4 Bf3 35. Ne5 1-0


[Site "https://www.chess.com"]

[Event "Titled Tuesday Blitz February 14 Early 2023"]
[White "Avazkhonov, Alikhon"]
[Black "Costachi, Mihnea"]
[WhiteFideId "14208504"]
[BlackFideId "1217518"]
[WhiteElo "1538"]
[BlackElo "2476"]
[Result "0-1"]
[Round "01"]
[TimeControl "180+2"]
[Date "2023.02.15"]
[WhiteClock "0:00:05"]
[BlackClock "0:00:16"]

1. d4 d5 2. c4 dxc4 3. Nf3 Nf6 4. e3 Bg4 5. Bxc4 e6 6. O-O Bd6 7. h3 Bh5 8. Nc3 Nc6 9. a3 O-O 10. b4 e5 11. dxe5 Nxe5 12. Be2 Nxf3+ 13. Bxf3 Bxf3 14. Qxf3 Be5 15. Bb2 Qd2 16. Nd1 Bxb2 17. Ra2 c6 18. Rxb2 Qd3 19. Ra2 a5 20. Qf4 Rfd8 21. bxa5 Rxa5 22. Qb4 Rg5 23. Nc3 c5 24. Qa5 Re8 25. Rd1 Qg6 26. f4 Rg3 27. Re2 h5 28. Rd8 Rxd8 29. Qxd8+ Kh7 30. Qc7 Qd3 31. Qxc5 g6 32. Qe5 Nd7 33. Qc7 Rxe3 34. Rxe3 Qxe3+ 35. Kh2 Qd3 36. Ne4 Qxe4 37. Qxd7 Qxf4+ 38. Kh1 Qf1+ 39. Kh2 b5 40. Qb7 Qf4+ 41. Kg1 Qc1+ 42. Kh2 Qc4 43. Qb6 Kg7 44. Kg1 Qc1+ 45. Kh2 Qc4 46. Qd6 h4 47. Qe5+ Kh7 48. Qf6 Kh6 49. Qh8+ Kg5 50. Qe5+ f5 51. Qe7+ Kh6 52. Qf8+ Kh7 53. Qe7+ Kg8 54. Qe8+ Kg7 55. Qd7+ Kf6 56. Qd6+ Qe6 57. Qd4+ Qe5+ 58. Qxe5+ Kxe5 59. Kg1 Kd4 60. Kf2 Kc3 61. Kf3 g5 0-1


[Site "https://www.chess.com"]

[Event "Titled Tuesday Blitz February 14 Early 2023"]
[White "Srihari L R"]
[Black "Semenenko, Dmytry"]
[WhiteFideId "46617116"]
[BlackFideId "14118645"]
[WhiteElo "2416"]
[BlackElo "2113"]
[Result "1-0"]
[Round "01"]
[TimeControl "180+2"]
[Date "2023.02.15"]
[WhiteClock "0:00:39"]
[BlackClock "0:00:02"]

1. e4 Nf6 2. e5 Nd5 3. c4 Nb6 4. d4 d6 5. exd6 cxd6 6. Nc3 g6 7. Nf3 Bg7 8. Bg5 O-O 9. Be2 Nc6 10. h3 h6 11. Be3 d5 12. c5 Nc4 13. Bc1 e5 14. dxe5 N6xe5 15. Nxe5 Bxe5 16. O-O Be6 17. Bxh6 Nxb2 18. Qc1 Qf6 19. Bxf8 Rxf8 20. Nb5 a6 21. Nd6 Na4 22. Rb1 Nc3 23. Rb2 b6 24. Nb7 Rb8 25. Bxa6 bxc5 26. Nxc5 Rxb2 27. Qxb2 Ne4 28. Nxe4 Qf4 29. g3 Qxe4 30. Qe2 Qf5 31. Bd3 Qg5 32. h4 Qf6 33. Kg2 Bd4 34. a4 Qd8 35. Bxg6 Qd7 36. Rd1 Bg4 37. f3 Bh3+ 38. Kh2 fxg6 39. Rxd4 Bf5 40. g4 Be6 41. Qe5 Qc6 42. Kg3 Kf7 43. Rf4+ Ke7 44. Rf6 Qa6 45. Rxg6 1-0


[Site "https://www.chess.com"]

[Event "Titled Tuesday Blitz February 14 Early 2023"]
[White "Mouhamad, Joachim"]
[Black "Tanenbaum, Zachary"]
[WhiteFideId "656410"]
[BlackFideId "2060850"]
[WhiteElo "2238"]
[BlackElo "2261"]
[Result "0-1"]
[Round "01"]
[TimeControl "180+2"]
[Date "2023.02.15"]
[WhiteClock "0:00:10"]
[BlackClock "0:00:10"]

1. e4 e5 2. Nf3 Nc6 3. Bb5 a6 4. Ba4 d6 5. c3 Nf6 6. O-O Be7 7. Re1 O-O 8. h3 b5 9. Bc2 d5 10. exd5 Qxd5 11. d3 h6 12. Nbd2 Bf5 13. Qe2 Rad8 14. Ne4 Rfe8 15. a4 b4 16. Nfd2 Qd7 17. Nxf6+ Bxf6 18. Ne4 Be7 19. Be3 Bg6 20. Rad1 f5 21. Nc5 Bxc5 22. Bxc5 bxc3 23. bxc3 Qd5 24. Ba3 Kh7 25. Bb1 Qa5 26. Qc2 f4 27. Bc1 Qd5 28. Qe2 Qf7 29. Qf3 e4 30. Qxf4 Qb3 31. Be3 exd3 32. Qxc7 Qxa4 33. Rd2 Ne5 34. Red1 Nc4 35. Bd4 Rd7 36. Qf4 Nxd2 37. Qxd2 Re2 38. Qf4 Qxd1+ 39. Kh2 Qxb1 0-1


[Site "https://www.chess.com"]

[Event "Titled Tuesday Blitz February 14 Early 2023"]
[White "Darini, Pouria"]
[Black "Wu, Sibo"]
[WhiteFideId "12502200"]
[BlackFideId "8606048"]
[WhiteElo "2401"]
[BlackElo "2082"]
[Result "1-0"]
[Round "01"]
[TimeControl "180+2"]
[Date "2023.02.15"]
[WhiteClock "0:01:43"]
[BlackClock "0:00:28"]

1. e4 c5 2. Nc3 Nc6 3. Bb5 g6 4. Bxc6 dxc6 5. f4 Bg7 6. d3 Nf6 7. Nf3 O-O 8. O-O Nd7 9. Be3 Qc7 10. Qe1 e5 11. Qh4 Qd8 12. Qxd8 Rxd8 13. Nxe5 Nxe5 14. fxe5 b6 15. Bg5 Re8 16. Bf6 Be6 17. a4 Rab8 18. b3 a6 19. h3 h5 20. Rfb1 Bh6 21. Kf2 Rb7 22. Ke2 Rd7 23. Rh1 Bf4 24. Raf1 Bg3 25. Rf3 h4 26. Rhf1 Ra7 27. Rxg3 hxg3 28. Rf4 b5 29. Rh4 1-0


[Site "https://www.chess.com"]

[Event "Titled Tuesday Blitz February 14 Early 2023"]
[White "Begunov, Konstantin"]
[Black "Starozhilov, Leonid"]
[WhiteFideId "4118510"]
[BlackFideId "14106752"]
[WhiteElo "2325"]
[BlackElo "2313"]
[Result "1/2-1/2"]
[Round "01"]
[TimeControl "180+2"]
[Date "2023.02.15"]
[WhiteClock "0:00:04"]
[BlackClock "0:00:05"]

1. d4 Nf6 2. c4 g6 3. f3 Bg7 4. e4 d6 5. Nc3 O-O 6. Be3 Nc6 7. Nge2 a6 8. a3 Bd7 9. b4 e5 10. d5 Ne7 11. Qd2 Nh5 12. g4 Nf4 13. Nxf4 exf4 14. Bxf4 f5 15. exf5 gxf5 16. g5 Ng6 17. Rc1 Re8+ 18. Kf2 Nxf4 19. Qxf4 Be5 20. Qd2 Qe7 21. f4 Bg7 22. Bg2 Qf7 23. Bf3 a5 24. b5 a4 25. h4 Re7 26. Rce1 Rae8 27. h5 h6 28. g6 Qf6 29. Rxe7 Rxe7 30. Nxa4 Qd4+ 31. Qxd4 Bxd4+ 32. Kg2 Re3 33. Rd1 Bf6 34. c5 Bxb5 35. cxd6 Bxa4 36. dxc7 Rc3 37. d6 Bxd1 38. Bxd1 Kf8 39. Bf3 Rc2+ 40. Kf1 Rc1+ 41. Ke2 Rc2+ 42. Kd1 Rc3 43. Bxb7 Re3 44. c8=Q+ Kg7 45. Qd7+ Be7 46. Bd5 Rd3+ 47. Ke2 Re3+ 48. Kxe3 Kh8 49. Qxe7 1/2-1/2


[Site "https://www.chess.com"]

[Event "Titled Tuesday Blitz February 14 Early 2023"]
[White "Alex_Sahakyan2006"]
[Black "Pourkashiyan, Atousa"]
[BlackFideId "12502014"]
[WhiteElo "2715"]
[BlackElo "2282"]
[Result "1-0"]
[Round "01"]
[TimeControl "180+2"]
[Date "2023.02.15"]
[WhiteClock "0:00:50"]
[BlackClock "0:00:18"]

1. e4 c5 2. Nc3 e6 3. Nf3 a6 4. d4 cxd4 5. Nxd4 Qc7 6. a4 Nf6 7. Bd3 Bb4 8. O-O O-O 9. Qe2 d6 10. Be3 Nbd7 11. f4 Bxc3 12. bxc3 Qxc3 13. Qf3 Qc7 14. g4 Nc5 15. g5 Nfd7 16. Qh5 b6 17. Rf3 Re8 18. f5 e5 19. Bc4 Nf8 20. g6 Bd7 21. Bxf7+ Kh8 22. Qxh7+ Nxh7 23. Rh3 1-0


[Site "https://www.chess.com"]

[Event "Titled Tuesday Blitz February 14 Early 2023"]
[White "Ramirez Vido, Robert Yorisan"]
[Black "Wagh Suyog"]
[WhiteFideId "3513823"]
[BlackFideId "25071688"]
[WhiteElo "2015"]
[BlackElo "2313"]
[Result "1/2-1/2"]
[Round "01"]
[TimeControl "180+2"]
[Date "2023.02.15"]
[WhiteClock "0:00:14"]
[BlackClock "0:00:10"]

1. f4 d5 2. Nf3 g6 3. g3 Bg7 4. Bg2 c5 5. d3 Nc6 6. O-O Nf6 7. Qe1 d4 8. a4 Nd5 9. Na3 O-O 10. Nc4 Rb8 11. Bd2 b6 12. Rb1 Bb7 13. e4 dxe3 14. Nxe3 Nd4 15. Nxd4 Bxd4 16. Kh1 Re8 17. Nc4 e6 18. Ne5 Qc7 19. c3 Bxe5 20. fxe5 Ne7 21. Qf2 Bxg2+ 22. Kxg2 Nd5 23. Rbe1 Qe7 24. h4 h5 25. Bg5 Qb7 26. Kh2 Rbc8 27. Qd2 a6 28. Bf6 Kh7 29. Rf2 Nxf6 30. Rxf6 Rcd8 31. Ref1 Re7 32. Qf4 Rxd3 33. Rxf7+ Rxf7 34. Qxf7+ Qxf7 35. Rxf7+ Kh6 36. Rf6 Rd2+ 37. Kh3 Rxb2 38. Rxe6 Rb3 39. Rc6 a5 40. e6 Kg7 41. e7 Kf7 42. Rxg6 Kxe7 43. Rh6 Rxc3 44. Rxb6 Rc4 45. Rb5 Kd6 46. Rxa5 Rc1 47. g4 Rc3+ 48. Kg2 hxg4 49. h5 Ke6 50. h6 Kf7 51. h7 Kg7 52. Ra7+ Kh8 53. a5 Ra3 54. a6 c4 55. Rc7 Rxa6 56. Rxc4 Kxh7 57. Rxg4 Rg6 58. Rxg6 Kxg6 1/2-1/2


[Site "https://www.chess.com"]

[Event "Titled Tuesday Blitz February 14 Early 2023"]
[White "Cherniaiev, Tykhon"]
[Black "Llanos, Guillermo"]
[WhiteFideId "14182360"]
[BlackFideId "100358"]
[WhiteElo "2330"]
[BlackElo "2290"]
[Result "1/2-1/2"]
[Round "01"]
[TimeControl "180+2"]
[Date "2023.02.15"]
[WhiteClock "0:00:02"]
[BlackClock "0:00:12"]

1. Nf3 d5 2. d4 Nf6 3. c4 e6 4. Nc3 a6 5. Bg5 dxc4 6. e4 b5 7. e5 h6 8. Bh4 g5 9. Nxg5 hxg5 10. Bxg5 Nbd7 11. Qf3 Rb8 12. Ne4 Bb4+ 13. Kd1 Bb7 14. Bxf6 Bxe4 15. Qxe4 Nxf6 16. exf6 c5 17. a3 Ba5 18. Qc6+ Qd7 19. Qxd7+ Kxd7 20. dxc5 Kc6 21. Kc2 Rbd8 22. b4 cxb3+ 23. Kxb3 Rd2 24. Ra2 Rxa2 25. Kxa2 Rd8 26. Kb3 Rd2 27. h4 Bd8 28. g3 Bxf6 29. Bg2+ Kc7 30. Rb1 Rxf2 31. Be4 Re2 32. Bh7 Re3+ 33. Ka2 Rxg3 34. h5 Rh3 35. Bg8 Rxh5 36. Bxf7 Rh2+ 37. Kb3 Re2 38. a4 Kc6 39. axb5+ axb5 40. Be8+ Kxc5 41. Rc1+ Kb6 42. Rc2 Rxc2 43. Kxc2 Kc5 44. Kd3 Bb2 45. Bd7 e5 46. Be8 Bd4 47. Bd7 Kb4 48. Be8 Ka5 49. Bf7 b4 50. Bb3 Kb5 51. Ke4 Kc5 52. Kd3 Bc3 53. Ke4 Bb2 54. Kd3 Bc3 55. Ke4 Kd6 56. Kf5 Ke7 57. Ba2 Kd6 58. Bb3 Kc6 59. Ke4 Kc5 60. Ba2 Kc6 61. Bb3 Kb5 62. Kf5 Bd4 63. Ke4 Kc5 64. Ba2 Kd6 65. Bb3 Ke7 66. Kf5 Kf8 67. Bc4 Kg7 68. Bb3 Kh6 69. Ke4 Kg5 70. Bc4 Kg4 71. Bb3 Kg3 72. Bc4 Kf2 73. Kd3 Kf3 74. Bd5+ Kf4 75. Kc4 Bc3 76. Kd3 Be1 77. Ke2 Bh4 78. Kd3 Be7 79. Kc4 e4 80. Kd4 e3 81. Kd3 Bc5 82. Ke2 Bd4 83. Kd3 Bc3 84. Ke2 Bd2 85. Bb3 Ke4 86. Ba4 Kd4 87. Kd1 Kc3 88. Bc6 b3 89. Be4 Kb2 90. Bf5 Kc3 91. Be4 b2 92. Bb1 Bc1 93. Ke2 Kd4 94. Bc2 Ke5 95. Kf3 Kd5 96. Ke2 Kc4 97. Bb1 Kb3 98. Kd1 Kc3 99. Ke2 Kd4 100. Bc2 Ke5 101. Bb1 Kf4 102. Bc2 Ke5 1/2-1/2


[Site "https://www.chess.com"]

[Event "Titled Tuesday Blitz February 14 Early 2023"]
[White "Mushini Ajay"]
[Black "Tatarinov, Dmitry"]
[WhiteFideId "35066188"]
[BlackFideId "24160067"]
[WhiteElo "2310"]
[BlackElo "2310"]
[Result "1-0"]
[Round "01"]
[TimeControl "180+2"]
[Date "2023.02.15"]
[WhiteClock "0:00:21"]
[BlackClock "0:00:15"]

1. e4 e5 2. Nf3 Nc6 3. Bb5 a6 4. Bxc6 dxc6 5. d3 f6 6. Nbd2 Be6 7. Nc4 Qd7 8. Be3 Ne7 9. h3 a5 10. a4 Ng6 11. Qe2 Be7 12. h4 h5 13. d4 Bg4 14. O-O-O exd4 15. Rxd4 Qe6 16. Kb1 O-O 17. Qd2 Bc5 18. Nxa5 Bxf3 19. gxf3 Bxd4 20. Bxd4 b6 21. Nb3 c5 22. Bc3 Rxa4 23. Rg1 Kh7 24. Qe2 Rfa8 25. Qe3 c4 26. Na5 bxa5 27. f4 Nf8 28. f5 Qf7 29. e5 fxe5 30. Qxe5 Nd7 31. Rxg7+ Kh8 32. Qxc7 Qxg7 33. Bxg7+ Kxg7 34. Qxd7+ 1-0


[Site "https://www.chess.com"]

[Event "Titled Tuesday Blitz February 14 Early 2023"]
[White "Dehtiarov, Roman"]
[Black "Kielinkei"]
[WhiteFideId "14186640"]
[WhiteElo "2289"]
[BlackElo "2360"]
[Result "1-0"]
[Round "01"]
[TimeControl "180+2"]
[Date "2023.02.15"]
[WhiteClock "0:00:22"]
[BlackClock "0:00:04"]

1. e4 c5 2. Nc3 e6 3. f4 d5 4. e5 Nc6 5. Nf3 f6 6. Bb5 Bd7 7. O-O Be7 8. f5 exf5 9. Nxd5 Nxe5 10. Bxd7+ Qxd7 11. Nxe5 fxe5 12. Ne3 g6 13. b3 Bf6 14. Bb2 O-O-O 15. Nc4 e4 16. Bxf6 Nxf6 17. Qe2 Kb8 18. Kh1 Rhe8 19. Qf2 Rc8 20. Rae1 Ka8 21. a4 Ng4 22. Qg3 Red8 23. a5 Qc7 24. Qh3 h5 25. Ra1 Kb8 26. Qh4 Ne5 27. Nxe5 Qxe5 28. Qg5 Qe6 29. Rae1 Re8 30. d3 e3 31. Re2 Re7 32. h4 Rce8 33. Rf3 Qe5 34. Rfxe3 Qxe3 35. Rxe3 Rxe3 36. Qxg6 Re1+ 37. Kh2 R1e5 38. Qxh5 f4 39. Qg4 Ka8 40. Qxf4 Re2 41. Qc4 a6 42. Qxc5 Rg8 43. Qd5 Rexg2+ 44. Qxg2 Rxg2+ 45. Kxg2 Kb8 46. h5 Kc7 47. h6 Kd7 48. h7 1-0


[Site "https://www.chess.com"]

[Event "Titled Tuesday Blitz February 14 Early 2023"]
[White "Zia, Tahsin Tajwar"]
[Black "Vaibhav Jayant Raut"]
[WhiteFideId "10211888"]
[BlackFideId "5089034"]
[WhiteElo "2315"]
[BlackElo "2237"]
[Result "1-0"]
[Round "01"]
[TimeControl "180+2"]
[Date "2023.02.15"]
[WhiteClock "0:00:14"]
[BlackClock "0:00:39"]

1. d4 Nf6 2. c4 e6 3. g3 Bb4+ 4. Bd2 Qe7 5. Bg2 O-O 6. e3 Nc6 7. Ne2 Bxd2+ 8. Qxd2 d6 9. Nbc3 e5 10. h3 Bf5 11. g4 Bg6 12. a3 Na5 13. Nc1 Nxc4 14. Qe2 Nb6 15. dxe5 Qxe5 16. f4 Qe6 17. f5 Bxf5 18. gxf5 Qxf5 19. Qf3 Qc2 20. O-O Qxb2 21. N1e2 Rae8 22. Rab1 Qd2 23. e4 d5 24. Rbd1 Qg5 25. exd5 Nc4 26. Qf4 Qg6 27. Qxc4 Re3 28. Qxc7 h5 29. d6 Rd3 30. d7 Nxd7 31. Nf4 Rxc3 32. Qxc3 Qb6+ 33. Qd4 Nc5 34. Rc1 Na4 35. Qxb6 Nxb6 36. Nxh5 Rd8 37. Bxb7 Rd3 38. Bg2 Rxa3 39. Rc7 f6 40. Rxg7+ Kf8 41. Rxf6+ Ke8 42. Rb7 Nd7 43. Re6+ Kd8 44. Rd6 Kc8 45. Rdxd7 Rc3 46. Rxa7 Rc1+ 47. Kh2 Rc2 48. Rh7 Rd2 49. Ra8# 1-0


[Site "https://www.chess.com"]

[Event "Titled Tuesday Blitz February 14 Early 2023"]
[White "Dragnev, Valentin"]
[Black "Kulkarni, Vikramaditya"]
[WhiteFideId "1634852"]
[BlackFideId "5009847"]
[WhiteElo "2593"]
[BlackElo "2251"]
[Result "1-0"]
[Round "01"]
[TimeControl "180+2"]
[Date "2023.02.15"]
[WhiteClock "0:00:20"]
[BlackClock "0:00:02"]

1. d4 d6 2. Nf3 Nf6 3. Nc3 Nbd7 4. Bf4 Nh5 5. Bd2 f5 6. h3 Nhf6 7. Ng5 Nb6 8. e4 h6 9. Nf3 fxe4 10. Nh4 Kf7 11. Be2 g6 12. f3 g5 13. fxe4 gxh4 14. Bh5+ Kg8 15. O-O Bg7 16. Bf3 e5 17. dxe5 dxe5 18. Qe2 Be6 19. b3 Qd4+ 20. Kh1 Rd8 21. Rad1 Qc5 22. Be3 Qe7 23. Bc5 Qe8 24. Rxd8 Qxd8 25. Rd1 Nbd7 26. Bf2 Kh7 27. Bxh4 Rf8 28. Nd5 Qc8 29. Ne7 Qe8 30. Nd5 Bxd5 31. exd5 e4 32. Bg4 Nxg4 33. Qxg4 Nf6 34. Qe2 Qe5 35. c4 Qh5 36. Qe1 e3 37. Rd3 Re8 38. Bxf6 Bxf6 39. Rxe3 Rxe3 40. Qxe3 b6 41. Qe6 Qe5 42. Qf7+ Bg7 43. Qf2 Qa1+ 44. Kh2 Qe5+ 45. Kh1 Qa1+ 46. Kh2 Qd4 47. Qf5+ Kh8 48. Qc8+ Kh7 49. Qf5+ Kg8 50. g3 Qe5 51. Qf2 a5 52. Qf3 Bf6 53. Qg4+ Kh7 54. h4 1-0


[Site "https://www.chess.com"]

[Event "Titled Tuesday Blitz February 14 Early 2023"]
[White "Matinian, Nikita"]
[Black "Kalajzic, Ivan"]
[WhiteFideId "24129100"]
[BlackFideId "14506378"]
[WhiteElo "2407"]
[BlackElo "2062"]
[Result "1-0"]
[Round "01"]
[TimeControl "180+2"]
[Date "2023.02.15"]
[WhiteClock "0:01:46"]
[BlackClock "0:00:38"]

1. e4 Nc6 2. Nf3 d6 3. d4 Bg4 4. d5 Ne5 5. Nxe5 Bxd1 6. Bb5+ c6 7. dxc6 Qa5+ 8. Nc3 a6 9. b4 Qxb5 10. Nxb5 axb5 11. cxb7 Rb8 12. Nc6 Rxb7 13. Kxd1 Nf6 14. f3 Nd7 15. a4 bxa4 16. Rxa4 Nb6 17. Ra6 Kd7 18. Na5 Rb8 19. Be3 Nc8 20. Nc6 Rb7 21. c4 e6 22. Ke2 Be7 23. Rd1 Nb6 24. Nxe7 Nxc4 25. Nc6 Rc8 26. Na5 Rxb4 27. Nxc4 Rcxc4 28. Raxd6+ Ke7 29. Bg5+ f6 30. Rd7+ Ke8 31. Be3 Rb2+ 32. R1d2 Rcc2 33. Rxg7 1-0


[Site "https://www.chess.com"]